 Dungeon Crawl Stone Soup version 0.29.1-12-g30fa7ad0bf (webtiles) character file.

Game seed: 7413724118045026068

5 Radix the Digger (level 1, -26/10 HPs)
             Began as a Gargoyle Earth Elementalist on Dec 19, 2022.
             Killed by an exploding jackal (33 damage)
             ... ignited by their inner flame
             ... on level 1 of the Dungeon.
             The game lasted 00:01:37 (129 turns).

Radix the Digger (Gargoyle Earth Elementalist)       Turns: 129, Time: 00:01:37

Health: -26/10     AC:  4    Str: 11    XL:     1   Next: 80%
Magic:  0/3        EV: 11    Int: 15    God:
Gold:   0          SH:  0    Dex: 10    Spells: 3/4 levels left

rFire   . . .      SeeInvis .   (no weapon)
rCold   . . .      Faith    .   (no shield)
rNeg    + . .      Spirit   .   a - +0 robe
rPois   ∞          Reflect  .   (no helmet)
rElec   +          Harm     .   (no cloak)
rCorr   .          Rampage  .   (no gloves)
Will    .....                   (no boots)
Stlth   ++........              (no amulet)
HPRegen 0.03/turn               (no ring)
MPRegen 0.08/turn               (no ring)

@: no status effects
A: sickness immunity, AC +2, negative energy resistance 1, electricity
resistance, torment resistance 1, petrification resistance
a: no special abilities


You were on level 1 of the Dungeon.
You visited 1 branch of the dungeon, and saw 1 of its levels.

Inventory:

Armour
 a - a +0 robe (worn)
Potions
 b - a potion of magic


   Skills:
 - Level 1.5 Dodging
 - Level 2.1 Stealth
 + Level 2.2 Spellcasting
 - Level 0.7 Transmutations
 + Level 3.9 Earth Magic


You had 3 spell levels left.
You knew the following spells:

 Your Spells              Type           Power      Damage    Failure   Level
a - Sandblast             Erth           26%        2d8       4%          1

Your spell library contained the following spells:

 Spells                   Type           Power      Damage    Failure   Level
 Passwall                 Tmut/Erth      6%         N/A       13%         2
 Stone Arrow              Conj/Erth      14%        3d7       28%         3
 Petrify                  Tmut/Erth      8%         N/A       63%         4


Dungeon Overview and Level Annotations

Branches:
Dungeon (1/15)

Altars:


Innate Abilities, Weirdness & Mutations

You are immune to sickness and miasma.
Your stone body is resilient. (AC +2)
You are immune to poison.
You resist negative energy. (rN+)
You are resistant to electric shocks. (rElec)
You are resistant to unholy torment.
You are immune to petrification.


Message History

Found a glass ring.
Aiming: Sandblast (safe; 4% risk of failure)
Press: ? - help, Q - select action Shift-Dir - straight line, f - jackal
Aim: a jackal (asleep, 100% to hit)
The blast of sand hits the jackal!
You kill the jackal!
A jackal and a goblin come into view.
The jackal barks!
The goblin shouts!
The goblin moves out of view.
Aiming: Sandblast (safe; 4% risk of failure)
Press: ? - help, Q - select action Shift-Dir - straight line, f - jackal
Aim: a jackal (77% to hit)
The blast of sand hits the jackal.
The jackal is heavily wounded.
The jackal misses you.
Unknown command.
Aiming: Sandblast (safe; 4% risk of failure)
Press: ? - help, Q - select action Shift-Dir - straight line, f/p - jackal
Aim: a jackal (heavily wounded, 77% to hit)
The blast of sand hits the jackal but does no damage.
The jackal is heavily wounded.
The jackal closely misses you. x2
The jackal bites you. The jackal attacks as you move away!
The jackal bites you but does no damage.
You don't have enough magic to cast this spell.
As you read the scroll labelled OTRAT BAHACRA, it crumbles to dust.
The creatures around you are filled with an inner flame!
It was a scroll of immolation.
The jackal bites you but does no damage.
The jackal closely misses you. The jackal misses you.
Aiming: Sandblast (safe; 4% risk of failure)
Press: ? - help, Q - select action Shift-Dir - straight line, f/p - jackal
Aim: a jackal (moderately wounded, inner flame, 77% to hit)
The blast of sand hits the jackal.
The jackal explodes!
The fiery explosion engulfs you!!
Ouch! That really hurt!
You die...

##########
.........#
#######.######..#
................#
#######.#######.#
#..g§.@.#
#.#####'#####
#.#P.#...#..#
#g#..'...'..#
...g..=.#..#...#P.#
....########...####
.. #..#...#..#
#..'...'..#
#..#...#P.#


You could see a goblin (inner flame).

Vanquished Creatures
  An endoplasm (D:1)
  4 jackals (D:1)
5 creatures vanquished.

Notes
Turn   | Place    | Note
-------+----------+-------------------------------------------
     0 | D:1      | Radix the Gargoyle Earth Elementalist began the quest for
                  | the Orb.
     0 | D:1      | Reached XP level 1. HP: 10/10 MP: 3/3
   129 | D:1      | Killed by an exploding jackal... ignited by their inner
                  | flame

Illustrated notes

Levels and vault maps discovered:
D:1:      dpeg_arrival_prison, layout_basic,
          shapermc_ecumenical_altar_notcrosses, serial_shops, shop,
          nicolae_shop_waterfront, shop, nicolae_shop_trees, shop

Action                   || total
-------------------------++-------
 Cast: Sandblast         ||     9
  Use: Scroll            ||     1
Armor: Robe              ||     2
Dodge: Dodged            ||     5
